 Dungeon Crawl Stone Soup version 0.29.0-5-ge4962eb29e (webtiles) character file.

Game seed: 1212790413873185144

65 Woods the Chiller (level 4, -1/36 HPs)
             Began as a Naga Ice Elementalist on Aug 29, 2022.
             Slain by Robin
             ... wielding a +0 spear
              (6 damage)
             ... on level 2 of the Dungeon.
             The game lasted 00:04:27 (1230 turns).

Woods the Chiller (Naga Ice Elementalist)           Turns: 1230, Time: 00:04:28

Health: -1/36      AC:  2    Str: 10    XL:     4   Next: 13%
Magic:  1/7        EV: 10    Int: 18    God:
Gold:   71         SH:  0    Dex: 11    Spells: 4/8 levels left

rFire   . . .      SeeInvis +   (no weapon)
rCold   . . .      Faith    .   (no shield)
rNeg    . . .      Spirit   .   a - +0 robe
rPois   +          Reflect  .   (no helmet)
rElec   .          Harm     .   (no cloak)
rCorr   .          Rampage  .   (no gloves)
Will    .....                   (no barding)
Stlth   ++........              (no amulet)
HPRegen 0.12/turn               (no ring)
MPRegen 0.10/turn               (no ring)

@: freezing walls, very slow
A: AC +1, large, see invisible, deformed body, poison resistance, slowness 2,
spit poison 1, naga tail 1
a: Spit Poison


You were on level 2 of the Dungeon.
You visited 1 branch of the dungeon, and saw 2 of its levels.

You collected 71 gold pieces.

Inventory:

Missiles
 c - a throwing net
Armour
 a - a +0 robe (worn)
Jewellery
 g - a ring of protection from fire
Scrolls
 b - 2 scrolls of teleportation {unknown}
 e - a scroll of identify {unknown}
 h - a scroll of magic mapping {unknown}
Potions
 d - 2 potions of ambrosia {unknown}
 f - 3 potions of curing {unknown}


   Skills:
 + Level 2.2 Dodging
 + Level 4.2 Stealth
 + Level 2.6 Spellcasting
 + Level 4.4 Ice Magic


You had 4 spell levels left.
You knew the following spells:

 Your Spells              Type           Power      Damage    Failure   Level
a - Freeze                Ice            72%        1d9       2%          1
b - Frozen Ramparts       Ice            36%        1d6       9%          3

Your spell library contained the following spells:

 Spells                   Type           Power      Damage    Failure   Level
 Ozocubu's Armour         Ice            18%        N/A       9%          3
 Magic Dart               Conj           8%         1d3       17%         1
 Searing Ray              Conj           4%         2d4       26%         2
 Stone Arrow              Conj/Erth      4%         3d7       45%         3
 Hailstorm                Conj/Ice       10%        3d5       56%         4
 Animate Armour           Summ/Erth      4%         N/A       86%         4
 Fulminant Prism          Conj/Hex       1%         3d6       86%         4
 Lehudib's Crystal Spear  Conj/Erth      1%         10d2      100%        8


Dungeon Overview and Level Annotations

Branches:
Dungeon (2/15)

Altars:

Annotations:
D:2 Robin


Innate Abilities, Weirdness & Mutations

Your serpentine skin is tough. (AC +1)
You have supernaturally acute eyesight. (SInv)
Armour fits poorly on your strangely shaped body.
Your system is resistant to poisons. (rPois)
You cover ground very slowly.
You can spit poison.
You have a snake-like lower body.


Message History

You feel clever.
The wall freezes the goblin. x2
You kill the goblin!
The wall freezes the goblin.
You kill the goblin!
The wall freezes the goblin.
You kill the goblin!
Unknown command.
The wall freezes the goblin.
You kill the goblin!
The wall freezes the goblin.
You kill the goblin!
The wall freezes the goblin.
You kill the goblin!
The wall freezes Robin but does no damage.
The wall freezes Robin.
Robin hits you from afar with a +0 spear.
The frozen ramparts melt away.
Robin hits you from afar with a +0 spear.
Robin barely misses you.
Aiming: Spit Poison (1% risk of failure)
Press: ? - help, Shift-Dir - straight line, f - Robin
Aim: Robin, wielding a +0 spear, wearing a +0 animal skin and wearing a +0 helmet (lightly wounded, 70% to hit)
The splash of poison misses Robin.
Robin hits you from afar with a +0 spear.
* * * LOW HITPOINT WARNING * * *
You have got your breath back.
Robin hits you from afar with a +0 spear.
* * * LOW HITPOINT WARNING * * *
Casting: Frozen Ramparts (dangerous; 9% risk of failure)
Confirm with . or Enter, or press ? or * to list all spells.
You don't know that spell.
Casting: Frozen Ramparts (dangerous; 9% risk of failure)
Confirm with . or Enter, or press ? or * to list all spells.
Casting: Frozen Ramparts (dangerous; 9% risk of failure)
Press: ? - help, Dir - look around, f - activate The walls around you are covered in ice.
The wall freezes Robin.
Robin hits you from afar with a +0 spear.
You die...

### ### ####
#.###########.#####..#.
######...g.@..............#.
#.......##########..####..#.
#.####).# #..#.....#. #))#
#........#. #))#######
#..###.#<#. #).).g...#
#........#. #........#
#...##..... #.......g#
#...####### #.....g...
#.)........


You could see Robin.

Vanquished Creatures
  2 adders (D:2)
  A dart slug (D:1)
  4 bats
  4 endoplasms
  2 giant cockroaches
  4 hobgoblins (D:1)
  3 ball pythons
  2 frilled lizards
  14 goblins
  2 kobolds (D:1)
  A spectral kobold (D:1)
39 creatures vanquished.

Notes
Turn   | Place    | Note
-------+----------+-------------------------------------------
     0 | D:1      | Woods the Naga Ice Elementalist began the quest for the
                  | Orb.
     0 | D:1      | Reached XP level 1. HP: 15/15 MP: 3/3
    79 | D:1      | Found a faded altar of an unknown god.
   126 | D:1      | Reached XP level 2. HP: 13/22 MP: 1/5
   340 | D:1      | HP: 1/22 [kobold/stone (2)]
   681 | D:1      | You fall into a shaft and drop 1 floor!
   715 | D:2      | Reached XP level 3. HP: 28/28 MP: 4/6
  1012 | D:2      | Learned a level 3 spell: Frozen Ramparts
  1212 | D:2      | Noticed Robin
  1218 | D:2      | Reached XP level 4. HP: 13/36 MP: 3/7
  1230 | D:2      | Slain by Robin

Illustrated notes

Levels and vault maps discovered:
D:1:      dpeg_arrival_water_altar, layout_rooms,
          dreamdust_ecumenical_altar_drowned_temple, fountainhead
D:2:      kennysheep_big_flooded_room, layout_basic, uniq_robin, uniq_terence

Skill      XL: |  1  2  3 |
---------------+----------+-----
Dodging        | 2 |  2.2
Stealth        | 4 |  4.2
Spellcasting   | |  2.6
Ice Magic      | |  4.4

Action                   |  1- 3 |  4- 6 || total
-------------------------+-------+-------++-------
Melee: Unarmed           |    31 |       ||    31
 Cast: Freeze            |    33 |       ||    33
       Frozen Ramparts   |     3 |     1 ||     4
 Abil: Spit Poison       |     2 |     1 ||     3
  Use: Potion            |     1 |       ||     1
Armor: Robe              |    11 |       ||    11
Dodge: Dodged            |    39 |     1 ||    40
